Map: Heavy Artillery LE

Players

Massa - Winner!

  • Race: Terran Terran
  • League: Platinum
  • Spawn Location: 3:00

qqq - Winner!

  • Race: Zerg Zerg
  • League: Platinum
  • Spawn Location: 1:00

tuberculum

  • Race: Protoss Protoss
  • League: Diamond
  • Spawn Location: 7:00

MASCHTER

  • Race: Terran Terran
  • Spawn Location: 7:00

VOD

Have the link to the VOD?

Description

Time

  • Played on: Jan. 18, 2021, 12:32 p.m.
  • Length: 14:50
Show
View Real Time Build Order
Export as new Build Order

Massa Terran - Winner!

Build Orders:  

Get SALT Encoding   

  12  0:00  SCV  
  13  0:12  SCV  
  14  0:24  SCV  
  15  0:30  Supply Depot  
  15  0:31  Refinery  
  15  0:52  SCV  
  16  0:58  Barracks  
  16  1:04  SCV  
  17  1:16  SCV  
  18  1:28  SCV  
  19  1:40  SCV  
  20  1:51  Barracks Reactor  
  20  1:54  Orbital Command  
  20  1:56  Command Center  
  20  2:03  Supply Depot  
  20  2:14  Factory  
  20  2:21  SCV  
  21  2:28  Marine x2  
  23  2:43  SCV  
  24  2:46  Marine x2  
  26  3:02  Hellion  
  26  3:03  Marine x2  
  30  3:07  SCV  
  30  3:09  Orbital Command  
  32  3:20  SCV  
  32  3:22  Starport  
  32  3:34  Hellion x2  
  36  3:35  Barracks Tech Lab  
  36  3:39  SCV x2  
  38  3:51  SCV x2  
  38  3:55  Hellion x2  
  41  4:32  Marine  
  33  4:44  SCV x2  
  35  4:46  Factory Tech Lab  
  35  4:50  Marine  
  36  4:55  Refinery  
  36  4:56  SCV, Barracks  
  36  4:57  SCV  
  36  4:59  Engineering Bay  
  38  5:01  Starport Tech Lab  
  38  5:08  SCV, Marine  
  38  5:09  SCV  
  41  5:15  Cyclone  
  41  5:17  Stimpack  
  41  5:21  SCV x2  
  46  5:23  Mag-Field Accelerator  
  46  5:36  Supply Depot  
  46  5:37  Supply Depot  
  46  5:38  Supply Depot  
  46  5:40  Supply Depot x2  
  46  5:55  Command Center  
  46  5:58  SCV x2, Marine x3, Cyclone  
  46  6:02  Refinery  
  46  6:03  Missile Turret  
  54  6:04  Supply Depot  
  54  6:08  Terran Infantry Weapons Level 1  
  54  6:10  SCV x2  
  56  6:15  Marine x3  
  59  6:22  SCV x2  
  61  6:30  Cyclone  
  64  6:33  Marine x3  
  64  6:34  SCV x2  
  69  6:46  SCV x2  
  71  6:51  Marine x3  
  74  7:02  Cyclone  
  77  7:09  Marine  
  72  7:31  Armory  
  72  7:32  Engineering Bay  
  72  7:34  Cyclone  
  75  7:37  Missile Turret  
  75  7:38  Missile Turret  
  75  7:42  Planetary Fortress  
  75  7:47  SCV x2  
  75  7:49  Marauder, Marine x2  
  81  7:51  Command Center  
  81  7:52  Medivac  
  81  7:57  Barracks  
  83  7:59  Refinery, SCV x2  
  83  8:01  Missile Turret  
  83  8:02  Barracks  
  83  8:03  Barracks  
  83  8:04  Missile Turret  
  85  8:06  Terran Infantry Armor Level 1  
  85  8:07  Marine x2  
  85  8:10  Marine  
  85  8:11  SCV x2  
  90  8:23  SCV x2  
  90  8:25  Marine x2  
  93  8:28  Marine  
  93  8:32  Missile Turret  
  93  8:34  Missile Turret x2  
  93  8:38  SCV x3  
  96  8:43  Marine x2  
  96  8:46  Marauder  
  100  8:49  Combat Shield  
  100  8:50  SCV x3  
  100  8:53  Barracks Reactor x2, Barracks Tech Lab  
  103  8:57  Terran Vehicle Weapons Level 1  
  103  9:00  Marine  
  103  9:01  Marine  
  103  9:02  SCV  
  106  9:06  Refinery  
  106  9:07  SCV x2  
  106  9:08  Refinery  
  108  9:14  SCV  
  108  9:15  Supply Depot  
  108  9:16  Supply Depot  
  109  9:19  Supply Depot  
  109  9:21  Supply Depot x2  
  109  9:28  Concussive Shells  
  109  9:30  SCV x2, Marauder, Marine, Siege Tank  
  117  9:39  Supply Depot  
  117  9:40  Medivac, Supply Depot  
  119  9:52  Planetary Fortress  
  119  9:54  SCV x2  
  119  9:55  SCV  
  115  10:01  Missile Turret  
  115  10:02  Siege Tank  
  115  10:06  SCV  
  117  10:10  Medivac  
  117  10:13  Terran Infantry Weapons Level 2  
  119  10:14  Missile Turret  
  119  10:16  Terran Infantry Armor Level 2  
  119  10:17  Missile Turret x3  
  119  10:20  Missile Turret x2  
  119  10:21  SCV x3  
  119  10:22  Missile Turret  
  122  10:33  SCV x2  
  122  10:34  SCV, Armory  
  122  10:35  Command Center  
  125  10:39  Marauder, Marine x6  
  125  10:40  Marine  
  125  10:41  Thor  
  140  10:44  Missile Turret  
  140  10:54  Refinery  
  140  10:55  Refinery  
  140  11:01  Terran Vehicle Weapons Level 2  
  140  11:06  Missile Turret  
  140  11:24  Thor  
  146  11:36  Sensor Tower  
  146  11:47  Factory  
  146  11:48  Factory  
  146  11:49  Factory  
  146  11:57  Planetary Fortress  
  146  11:58  Missile Turret  
  146  12:03  Raven  
  148  12:17  Thor  
  148  12:18  Missile Turret  
  148  12:19  Terran Vehicle And Ship Armor Level 1  
  148  12:20  Supply Depot x2  
  154  12:36  Factory Tech Lab  
  154  12:37  Factory Tech Lab x2  
  154  12:40  Missile Turret  
  154  12:45  Supply Depot x2  
  154  12:54  SCV  
  154  12:55  SCV x3  
  158  12:59  Missile Turret  
  158  13:00  Marauder x2, Marine x4, Thor  
  158  13:01  Marine x2  
  158  13:03  Thor  
  180  13:08  Supply Depot  
  180  13:18  Marine x5  
  180  13:19  Marine  
  186  13:21  Marauder, Marine, Missile Turret  
  189  13:38  Raven  
  175  13:41  Missile Turret  
  154  13:59  Marine x6  
  154  14:00  Marine x2  
  154  14:01  Thor x2  
  154  14:02  Thor x2  
  153  14:17  Marine x8  
Show
View Real Time Build Order
Export as new Build Order

qqq Zerg - Winner!

Build Orders: Hatch First 

Get SALT Encoding   

  12  0:01  Drone  
  13  0:11  Drone  
  14  0:16  Overlord  
  14  0:44  Hatchery  
  14  0:49  Drone  
  14  0:51  Drone  
  14  0:55  Drone  
  16  1:08  Drone  
  17  1:15  Drone  
  18  1:34  Spawning Pool  
  18  1:35  Extractor  
  18  1:36  Drone x2  
  18  1:45  Extractor  
  18  1:52  Drone  
  19  1:57  Drone  
  19  1:58  Drone  
  21  2:05  Overlord  
  21  2:07  Drone  
  22  2:21  Queen x2  
  22  2:22  Drone  
  26  2:25  Zergling x2  
  26  2:29  Drone  
  28  2:31  Zergling x2  
  29  2:49  Drone, Zergling x2  
  31  2:52  Metabolic Boost  
  31  2:56  Zergling x2  
  31  2:57  Hatchery  
  31  2:58  Zergling x2  
  32  3:14  Zergling x4  
  32  3:16  Overlord  
  32  3:17  Zergling x2  
  35  3:22  Baneling Nest  
  35  3:27  Zergling x2  
  35  3:30  Zergling x2  
  35  3:32  Overlord  
  36  3:34  Zergling x2  
  36  3:39  Lair  
  37  3:41  Zergling x2  
  37  3:44  Zergling x2  
  37  3:46  Zergling x2  
  37  3:48  Zergling x2  
  40  3:56  Zergling x4  
  40  3:58  Drone  
  43  4:05  Zergling x2  
  43  4:06  Zergling x4  
  45  4:17  Zergling x2  
  45  4:22  Zergling x2  
  45  4:23  Zergling x6  
  47  4:31  Zergling x2  
  47  4:32  Zergling x4  
  47  4:33  Zergling x4  
  47  4:34  Zergling x2  
  47  4:38  Zergling x2  
  53  4:39  Zergling x2  
  50  4:46  Zergling x6  
  49  4:58  Zergling x8  
  49  4:59  Zergling x2  
  48  5:12  Spire  
  47  5:17  Drone  
  47  5:18  Drone x2  
  47  5:20  Drone  
  51  5:23  Drone  
  53  5:28  Drone  
  53  5:33  Drone x2  
  56  5:35  Drone  
  56  5:39  Drone x2  
  58  5:45  Overlord  
  58  5:47  Overlord  
  52  6:07  Extractor x2  
  52  6:09  Drone x6, Extractor  
  52  6:10  Drone x3  
  56  6:12  Drone x2  
  56  6:13  Drone  
  56  6:15  Zergling x2  
  56  6:16  Zergling x2  
  61  6:24  Zergling x2  
  61  6:25  Drone x2  
  64  6:31  Mutalisk, Zerg Flyer Weapons Level 1  
  66  6:33  Overlord  
  66  6:35  Mutalisk  
  68  6:42  Spore Crawler  
  68  6:45  Overlord x2  
  67  6:53  Drone x4  
  67  6:54  Drone x2  
  73  7:04  Drone  
  73  7:05  Drone x3  
  73  7:06  Overlord x2  
  77  7:14  Extractor x2  
  75  7:26  Corruptor  
  75  7:27  Mutalisk, Corruptor  
  81  7:30  Mutalisk  
  81  7:36  Infestation Pit  
  82  7:42  Drone x3  
  85  7:48  Mutalisk  
  87  7:52  Mutalisk  
  87  7:54  Hatchery  
  87  7:57  Drone  
  89  7:59  Mutalisk  
  89  8:02  Drone, Overlord  
  92  8:09  Corruptor  
  92  8:10  Mutalisk  
  96  8:14  Drone  
  96  8:15  Overlord  
  97  8:24  Hatchery  
  97  8:26  Zerg Flyer Armor Level 1  
  96  8:28  Spore Crawler, Corruptor  
  97  8:38  Drone x3  
  97  8:40  Corruptor  
  97  8:41  Corruptor  
  102  8:47  Hive  
  104  9:01  Overseer  
  104  9:02  Corruptor  
  104  9:03  Corruptor  
  104  9:06  Drone x2  
  104  9:08  Corruptor  
  112  9:21  Corruptor  
  112  9:22  Corruptor  
  112  9:23  Overlord  
  116  9:24  Drone x2  
  116  9:26  Drone  
  116  9:29  Queen  
  116  9:31  Drone  
  122  9:34  Pneumatized Carapace  
  122  9:36  Drone  
  122  9:37  Drone  
  124  9:44  Hatchery  
  123  9:47  Corruptor x3  
  126  10:01  Corruptor x2  
  120  10:16  Drone x3  
  123  10:22  Drone x3  
  123  10:23  Corruptor x2  
  123  10:25  Mutalisk x2  
  134  10:33  Drone  
  135  10:38  Spore Crawler  
  135  10:39  Drone, Spore Crawler x2  
  133  10:43  Drone  
  133  10:47  Spore Crawler  
  133  10:49  Spore Crawler  
  132  10:51  Extractor  
  132  10:53  Drone x2, Corruptor  
  132  10:54  Mutalisk, Corruptor  
  132  10:55  Corruptor  
  141  10:57  Zerg Flyer Weapons Level 2  
  141  11:02  Drone x3  
  144  11:11  Spire  
  144  11:16  Drone x2  
  144  11:17  Drone x2  
  147  11:21  Hatchery  
  146  11:33  Spine Crawler  
  146  11:34  Spine Crawler  
  146  11:37  Spine Crawler  
  141  11:48  Mutalisk x3  
  141  11:49  Viper  
  140  12:02  Zergling x12  
  140  12:04  Overlord x4  
  140  12:05  Overlord  
  140  12:06  Drone  
  143  12:33  Hatchery  
  141  12:43  Corruptor x6  
  141  12:44  Mutalisk, Corruptor  
  151  12:45  Mutalisk x2  
  151  12:48  Drone x5  
  151  12:49  Drone x4  
  170  12:55  Viper  
  170  12:57  Zergling x4  
  175  13:02  Zergling x2  
  175  13:03  Drone x3  
  179  13:08  Extractor, Spore Crawler  
  179  13:10  Spine Crawler  
  179  13:11  Extractor  
  179  13:12  Extractor  
  174  13:13  Extractor, Drone  
  174  13:14  Extractor, Queen  
  175  13:27  Viper  
  175  13:28  Viper x2  
  175  13:29  Overlord x2  
  175  13:32  Overlord x3  
  142  14:10  Corruptor x4  
  144  14:23  Mutalisk x2  
  144  14:24  Mutalisk x3  
  146  14:25  Zergling x6  
  146  14:26  Zergling x2  
  146  14:27  Zergling x16  
Show
View Real Time Build Order
Export as new Build Order

tuberculum Protoss 

Build Orders: 1 Gate Expand, Carriers 

Get SALT Encoding   

  12  0:00  Probe  
  13  0:12  Probe  
  14  0:17  Pylon  
  14  0:25  Probe (Chrono Boost)  
  15  0:37  Probe (Chrono Boost)  
  15  0:38  Gateway  
  16  0:43  Probe (Chrono Boost)  
  16  0:48  Assimilator  
  17  0:51  Probe  
  18  1:03  Probe (Chrono Boost)  
  19  1:14  Probe (Chrono Boost)  
  19  1:28  Nexus  
  19  1:31  Probe  
  20  1:41  Cybernetics Core  
  20  1:47  Pylon  
  20  1:51  Probe  
  21  1:56  Assimilator  
  21  2:03  Probe  
  22  2:15  Probe  
  23  2:17  Stalker (Chrono Boost)  
  25  2:27  Probe  
  26  2:30  Stargate  
  26  2:39  Probe  
  26  2:41  Assimilator  
  27  2:44  Probe  
  28  2:51  Probe  
  28  2:56  Probe  
  30  3:00  Assimilator  
  30  3:03  Probe  
  30  3:04  Void Ray (Chrono Boost)  
  30  3:05  Pylon  
  31  3:09  Probe  
  32  3:15  Probe  
  37  3:21  Probe  
  37  3:24  Pylon  
  38  3:28  Probe  
  38  3:33  Probe  
  40  3:34  Void Ray  
  40  3:41  Probe  
  45  3:45  Probe  
  46  4:05  Nexus  
  46  4:11  Void Ray (Chrono Boost)  
  47  4:30  Probe  
  48  4:34  Stargate  
  48  4:36  Probe  
  42  4:46  Void Ray (Chrono Boost)  
  42  4:47  Probe  
  42  4:53  Probe  
  42  4:59  Probe  
  45  5:05  Probe  
  46  5:11  Probe (Chrono Boost)  
  46  5:12  Void Ray  
  47  5:16  Void Ray  
  52  5:22  Probe (Chrono Boost)  
  52  5:24  Probe (Chrono Boost)  
  57  5:31  Probe (Chrono Boost)  
  57  5:33  Probe (Chrono Boost)  
  59  5:38  Probe  
  59  5:42  Probe  
  61  5:49  Fleet Beacon  
  61  5:50  Probe  
  62  6:13  Pylon  
  62  6:16  Pylon  
  62  6:23  Pylon  
  62  6:27  Flux Vanes  
  62  6:31  Probe x2, Phoenix x2  
  68  6:44  Probe x2  
  70  6:56  Probe x2, Phoenix x2, Stargate  
  70  6:58  Pylon  
  76  7:08  Probe x2  
  78  7:20  Probe x2, Protoss Air Weapons Level 1  
  78  7:21  Phoenix x2  
  84  7:32  Probe x2  
  86  7:40  Nexus  
  86  7:41  Pylon  
  86  7:44  Probe x2, Phoenix  
  86  7:45  Assimilator  
  86  7:49  Assimilator  
  86  7:50  Anion Pulse-Crystals  
  90  7:53  Pylon  
  90  7:56  Probe x2, Pylon  
  92  7:58  Pylon  
  92  8:06  Phoenix  
  92  8:08  Probe x2  
  96  8:15  Phoenix (Chrono Boost)  
  98  8:20  Probe  
  99  8:29  Carrier (Chrono Boost)  
  99  8:30  Carrier (Chrono Boost)  
  111  8:41  Probe x2  
  113  8:49  Carrier (Chrono Boost)  
  113  8:53  Probe  
  120  8:57  Probe  
  121  9:03  Cybernetics Core  
  121  9:05  Probe  
  121  9:09  Probe  
  123  9:17  Probe  
  123  9:21  Probe  
  123  9:22  Shield Battery  
  123  9:23  Shield Battery  
  125  9:25  Carrier (Chrono Boost)  
  125  9:29  Protoss Air Armor Level 1  
  125  9:30  Probe  
  132  9:33  Probe, Carrier (Chrono Boost)  
  139  9:42  Probe  
  140  9:45  Probe  
  139  10:19  Pylon  
  139  10:22  Pylon  
  139  10:24  Pylon  
  139  10:37  Carrier  
  139  10:40  Carrier x2  
  157  10:50  Probe  
  157  10:55  Nexus, Pylon, Stargate  
  157  10:56  Pylon  
  158  10:57  Pylon  
  158  10:59  Stargate  
  158  11:02  Pylon  
  158  11:03  Pylon  
  158  11:10  Assimilator  
  158  11:15  Assimilator  
  158  11:28  Shield Battery  
  158  11:31  Shield Battery  
  158  11:32  Shield Battery  
  158  11:35  Shield Battery  
  158  11:37  Probe x2  
  160  11:41  Carrier  
  160  11:43  Carrier x2  
  160  11:44  Probe  
  179  11:49  Probe  
  179  11:53  Forge  
  180  12:13  Probe  
  181  12:17  Probe x2  
  181  12:18  Probe  
  181  12:19  Shield Battery  
  181  12:20  Shield Battery  
  184  12:23  Shield Battery  
  184  12:25  Probe, Shield Battery  
  184  12:28  Carrier  
  184  12:29  Probe  
  193  12:30  Probe, Shield Battery  
  193  12:32  Shield Battery  
  193  12:33  Shield Battery  
  193  12:49  Photon Cannon x2  
  193  12:51  Photon Cannon x2  
  193  13:00  Photon Cannon x2  
  193  13:04  Pylon  
  193  13:10  Photon Cannon  
  193  13:12  Photon Cannon  
  193  13:16  Pylon  
  193  13:18  Pylon  
  193  13:19  Stargate  
  193  13:22  Stargate  
  193  13:28  Pylon  
  123  14:24  Pylon  
  123  14:31  Probe  
Show
View Real Time Build Order
Export as new Build Order

MASCHTER Terran 

Build Orders: Gas First Reaper Expand 

Get SALT Encoding   

  12  0:00  SCV  
  13  0:14  Supply Depot  
  13  0:20  SCV  
  14  0:26  Refinery  
  14  0:33  SCV  
  15  0:42  Barracks  
  15  0:45  SCV  
  16  0:57  SCV  
  17  1:14  SCV  
  18  1:29  Reaper  
  19  1:33  SCV  
  20  1:50  Orbital Command  
  20  1:53  Command Center  
  20  2:19  SCV  
  20  2:21  Marine  
  22  2:28  Command Center  
  22  2:31  SCV  
  23  2:38  Factory  
  23  2:39  Barracks Tech Lab  
  23  3:01  Stimpack  
  23  3:05  SCV, Marine  
  25  3:07  Orbital Command  
  25  3:08  Engineering Bay  
  26  3:27  SCV, Factory Tech Lab  
  26  3:28  Marine  
  26  3:33  Starport, Orbital Command  
  27  3:34  Refinery  
  27  3:47  Bunker  
  27  3:48  Marine  
  27  3:50  SCV x2  
  29  4:02  SCV x2  
  30  4:05  Siege Tank  
  29  4:17  Marine  
  29  4:23  SCV  
  28  4:29  Orbital Command  
  27  4:34  SCV  
  27  4:35  Marine  
  23  4:39  SCV  
  23  4:43  Widow Mine  
  25  4:49  Supply Depot  
  25  4:52  Orbital Command  
  21  4:54  Starport Reactor  
  21  4:57  Marine  
  22  5:03  Orbital Command  
  21  5:16  Combat Shield  
  21  5:18  Marine  
  22  5:22  SCV  
  22  5:27  SCV  
  24  5:40  Marine  
  25  5:42  Bunker  
  25  5:45  SCV x2  
  21  5:57  SCV  
  21  5:58  Marine  
  21  6:00  Siege Tank  
  26  6:11  SCV x2  
  26  6:12  Orbital Command  
  26  6:16  Marine  
  28  6:24  Medivac  
  30  6:32  Siege Tank  
  33  6:37  Concussive Shells  
  33  6:38  SCV, Marine  
  33  6:39  SCV  
  37  6:44  Orbital Command  
  37  6:51  SCV  
  37  7:02  Marine  
  37  7:04  Bunker  
  37  7:12  SCV x2  
  37  7:13  Siege Tank  
  42  7:24  SCV, Marine  
  42  7:25  Bunker  
  44  7:31  Orbital Command  
  44  7:32  SCV  
  44  7:36  SCV, Medivac  
  48  7:41  Marine  
  48  7:42  Bunker  
  49  7:44  SCV  
  49  7:48  SCV  
  51  7:56  SCV  
  52  8:00  SCV  
  53  8:11  Marine  
  53  8:12  Refinery, SCV x2  
  48  8:13  Siege Tank  
  51  8:21  SCV  
  51  8:24  SCV  
  53  8:28  Barracks  
  53  8:29  Barracks x2  
  53  8:31  Supply Depot  
  53  8:32  Supply Depot  
  53  8:34  SCV  
  53  8:35  SCV  
  53  8:36  SCV  
  53  8:39  Refinery  
  56  8:42  Marine  
  56  8:47  Siege Tank  
  60  8:48  SCV  
  60  8:53  SCV x2  
  63  8:56  Terran Infantry Weapons Level 1  
  63  8:58  Engineering Bay  
  63  9:00  SCV, Marine  
  65  9:05  SCV  
  65  9:22  Barracks Reactor, Barracks Tech Lab, Marine  
  58  9:25  Terran Infantry Armor Level 1  
  58  9:27  SCV x3  
  61  9:32  Refinery, Marine  
  61  9:33  Siege Tank  
  61  9:34  Refinery  
  65  9:38  Medivac  
  65  9:44  Marine  
  69  9:48  Barracks Reactor  
  69  9:52  Orbital Command  
  66  9:53  Marine  
  66  9:59  Marine  
  65  10:00  Marine  
  65  10:01  SCV x2  
  65  10:02  Marine  
  70  10:10  Barracks, Marine, Command Center  
  70  10:12  Command Center  
  70  10:13  SCV x2, Armory  
  73  10:17  SCV, Marine  
  73  10:19  Marine  
  73  10:20  Marine  
  77  10:29  Supply Depot  
  77  10:31  Supply Depot  
  77  10:40  Supply Depot  
  77  10:48  Missile Turret  
  77  10:50  Marine x3  
  77  10:51  SCV x3, Marauder  
  77  10:52  Marine x2, Medivac  
  89  11:03  SCV x3  
  92  11:05  Marine  
  92  11:07  Siege Tank  
  92  11:08  Marine x2  
  92  11:09  Marauder  
  92  11:10  Marine  
  101  11:14  Refinery  
  101  11:22  SCV x3, Marauder  
  101  11:24  Marine x2  
  108  11:26  Marine x2  
  108  11:28  Marine  
  108  11:30  Marauder  
  113  11:34  SCV  
  113  11:38  SCV x2  
  115  11:42  Marine x2  
  115  11:44  Marauder, Marine  
  115  11:45  Terran Infantry Weapons Level 2, Missile Turret  
  115  11:46  Terran Infantry Armor Level 2, SCV  
  115  11:47  Missile Turret x2  
  117  11:48  Widow Mine  
  117  11:52  Marauder, Missile Turret  
  113  11:57  SCV  
  113  11:58  SCV x2  
  113  11:59  Marine  
  113  12:03  Supply Depot  
  113  12:05  Marauder  
  115  12:09  Marine  
  115  12:10  Marine x2  
  115  12:11  Widow Mine  
  115  12:13  Marauder  
  122  12:16  Barracks Reactor  
  122  12:33  Widow Mine  
  122  12:36  Missile Turret  
  123  12:37  Missile Turret  
  123  12:42  Marine x2  
  123  12:43  Marauder, Marine x2  
  129  12:45  SCV x2  
  129  12:48  Factory  
  129  12:49  SCV  
  129  12:51  Barracks  
  132  12:52  Orbital Command  
  132  12:53  Orbital Command  
  132  12:57  SCV  
  132  12:58  SCV  
  134  13:03  Refinery  
  134  13:04  Supply Depot  
  134  13:05  Supply Depot  
  134  13:07  Missile Turret  
  134  13:08  Marine x4, Missile Turret  
  134  13:10  Supply Depot  
  134  13:11  Supply Depot  
  138  13:13  Marine  
  139  13:25  Marine  
  139  13:26  Marauder x2, Marine, Siege Tank  
  148  13:27  Marine  
  148  13:28  Marine  
  148  13:39  Marine x2  
  104  13:43  Marine x2  
  104  13:45  Marine  
  104  13:47  Marauder x2, Marine  
  91  13:57  Marine x2  
  91  13:58  Siege Tank  
  91  14:01  Marine x2  
  98  14:03  Marine  
  98  14:05  Marine  
  98  14:06  Barracks Reactor  
  98  14:07  Factory Reactor  
  98  14:09  Marauder x2  
  100  14:15  Marine x2  
  101  14:19  Marine x2  
  101  14:21  Marine  
  101  14:23  Marine  
  98  14:25  SCV  
  93  14:32  Marine  
Tags
 
Add a new tag
Caveats
  • Supply blocks, unpowered buildings, or Contaminate may cause inaccurate times.
  • Supply counts are checked every 10 seconds.